 Dungeon Crawl Stone Soup version 0.31-a0-620-gd1cbd99268 (webtiles) character file.

Game seed: 2975538204306123350

121 Velros the Magician (level 5, 0/35 HPs)
             Began as a Djinni Fire Elementalist on Aug 23, 2023.
             Was a Believer of Hepliaklqana.
             Slain by an orc
             ... wielding a +0 whip
              (2 damage)
             ... on level 4 of the Dungeon.
             The game lasted 00:23:12 (3204 turns).

Velros the Magician (Djinni Fire Elementalist)      Turns: 3204, Time: 00:23:13

Health: 0/35       AC:  2    Str:  7    XL:     5   Next: 26%
Gold:   145        EV: 12    Int: 19    God:    Hepliaklqana [**....] SH:  0 Dex: 13

rFire   + + .        c - +3 dagger
rCold   x . .        (no shield)
rNeg    . . .        a - +0 robe
rPois   ∞            (no helmet)
rElec   .            (no cloak)
rCorr   .            (no gloves)
SInv    .            (boots unavailable)
Will    .....        (no amulet)
Stlth   ++           (no ring)
HPRegen 0.25/turn    (no ring)
MPRegen 0.00/turn

%: infuse magic (-1 HP)
@: flying
A: reduced essence, sickness immunity, fire resistance 2, cold vulnerability 1,
float, innate caster, HP casting, extra vitality 1
a: Renounce Religion, Ancestor Life: Knight, Ancestor Life: Battlemage, Ancestor
Life: Hexer, Recall Ancestor, Ancestor Identity


You were on level 4 of the Dungeon.
You worshipped Hepliaklqana.
Hepliaklqana was pleased with you.
You visited 1 branch of the dungeon, and saw 4 of its levels.

You collected 145 gold pieces.

Inventory:

Hand Weapons
 c - a +3 dagger (weapon)
Missiles
 d - 6 javelins
 Q - 54 stones
Armour
 a - a +0 robe (worn)
 n - a +0 helmet
Scrolls
 b - a scroll of noise {unknown}
 e - 3 scrolls of identify {unknown}
 g - a scroll of teleportation {unknown}
 h - 2 scrolls of amnesia {unknown}
 i - a scroll of blinking {unknown}
 l - a scroll of fear {unknown}
Potions
 f - a potion of curing {unknown}
 k - a potion of might
 m - a potion of berserk rage {unknown}
 o - a potion of ambrosia {unknown}


   Skills:
 + Level 2.3 Fighting
 - Level 2.1 Dodging
 - Level 2.3 Stealth
 + Level 3.8 Spellcasting
 + Level 3.8 Conjurations
 + Level 3.8 Hexes
   Level 0.0 Charms
 + Level 3.8 Summonings
 + Level 3.8 Necromancy
 + Level 3.8 Translocations
 + Level 3.8 Transmutations
 + Level 3.8 Fire Magic
 + Level 3.8 Ice Magic
 + Level 3.8 Air Magic
 + Level 3.8 Earth Magic
 + Level 3.8 Poison Magic


You knew the following spells:

 Your Spells              Type           Power      Damage    Failure   Level
a - Foxfire               Conj/Fire      72%        2x1d7     3%          1
b - Scorch                Fire           36%        2d6       4%          2
c - Volatile Blastmotes   Fire/Tloc      36%        2d13      9%          3
d - Inner Flame           Hex/Fire       18%        N/A       9%          3
e - Flame Wave            Conj/Fire      18%        2d7       28%         4
f - Necrotise             Necr           72%        1d7       3%          1
g - Call Imp              Summ           36%        N/A       4%          2
Your spell library was empty.

Dungeon Overview and Level Annotations

Branches:
Dungeon (4/15)
 Temple: D:4-7

Altars:
Cheibriados
Elyvilon
Hepliaklqana
Qazlal
Trog
Wu Jian

Shops:
D:4 [

Annotations:
D:3 Ijyb
D:4 exclusion: jelly, Grinder


Innate Abilities, Weirdness & Mutations

Your life essence is reduced to manifest your ancestor. (-10% HP)
You are immune to sickness and miasma.
You are immune to poison.
Your flesh is very heat resistant. (rF++)
You are vulnerable to cold. (rC-)
You float through the air rather than walking.
You learn spells naturally, not from books.
Your magical power is your life essence.
You have superior vitality. (+4 MHP)


Message History

The concussive blast engulfs you. You resist.
You hear a shout! x3
You have reached level 5!
The power to cast Call Imp wells up from within.
Spell assigned to 'g'.
You bump into the rock wall.
The foxfire hits the orc but does no damage.
The orc hits you with a +2 dagger of draining.
* * * LOW HITPOINT WARNING * * *
The foxfire hits the orc.
You take 5 damage, and have 14/35 hp.
You barely miss Dube. The orc hits you with a +0 whip.
* * * LOW HITPOINT WARNING * * *
The orc barely misses you.
You take 2 damage, and have 12/35 hp.
There are monsters nearby!
Unknown command.
The orc attacks as it pursues you! The orc hits you with a +0 whip.
* * * LOW HITPOINT WARNING * * *
The orc completely misses you.
Dube hits the orc.
You take 6 damage, and have 6/35 hp.
You're too confused to move!
The orc closely misses you.
The orc hits you with a +2 dagger of draining.
* * * LOW HITPOINT WARNING * * *
Dube barely misses the orc.
You take 4 damage, and have 2/35 hp.
It was a potion of might.
You feel very mighty all of a sudden. The orc barely misses you.
The orc hits you with a +2 dagger of draining.
* * * LOW HITPOINT WARNING * * *
Dube closely misses the orc.
You take 1 damage, and have 1/35 hp.
It was a potion of cancellation.
Your magical effects are unravelling.
You feel magically purged.
You feel less confused.
You feel a little less mighty now. The orc hits you with a +0 whip.
You die...

#.##.#.#....# #.# #.#
#.##.#.#....####.# #.#
#.##.#.........#.# #.#
###.##.#.#######.#.# #.#
#....#.#.........#.# #.#
##....#.#.#########.# #.#
......)R..........#.###.#
#####.#o#.#######.#.....#
.......o@.......# #####.#
....#.#.........# #.#
......#..#.###### #.#
..... #..#.# #.# #.#.#
#..#.# #.# . #.
#..#.######+## #.# #
#..#.........# ##.#
#..#.........###..# #.
.........##..##


You could see the friendly Dube the ancestor and 2 orcs.

Levels and vault maps discovered:
D:1:      dpeg_cavernosity, layout_basic,
          shapermc_ecumenical_altar_mp_ritualfount
D:2:      layout_rooms, minmay_tromino_mix6
D:3:      layout_basic, old_standard_altar, uniq_ijyb
D:4:      minmay_wonky_spiral, layout_basic, mainiacjoe_overflow_alcove_3,
          serial_shops, nicolae_shop_crystal, nicolae_take_the_stairs,
          nicolae_shop_overgrown_old_shop, shop, st_stairs_4, uniq_grinder,
          uniq_natasha, uniq_duvessa

Notes
Turn   | Place    | Note
-------+----------+-------------------------------------------
     0 | D:1      | Reached skill level 3 in Spellcasting
     0 | D:1      | Reached skill level 3 in Conjurations
     0 | D:1      | Reached skill level 3 in Hexes
     0 | D:1      | Reached skill level 3 in Summonings
     0 | D:1      | Reached skill level 3 in Necromancy
     0 | D:1      | Reached skill level 3 in Translocations
     0 | D:1      | Reached skill level 3 in Transmutations
     0 | D:1      | Reached skill level 3 in Fire Magic
     0 | D:1      | Reached skill level 3 in Ice Magic
     0 | D:1      | Reached skill level 3 in Air Magic
     0 | D:1      | Reached skill level 3 in Earth Magic
     0 | D:1      | Reached skill level 3 in Poison Magic
     0 | D:1      | Velros the Djinni Fire Elementalist began the quest for the
                  | Orb.
     0 | D:1      | Velros set off with the following spells memorised:
                  | Foxfire, Scorch, Volatile Blastmotes, Inner Flame, Flame
                  | Wave.
     0 | D:1      | Reached XP level 1. HP: 15/15 MP: 0/0
   206 | D:1      | Identified a +0 whip
   264 | D:1      | Identified a +0 scale mail
   289 | D:1      | Identified a +3 dagger
   294 | D:1      | Identified a +0 whip
   337 | D:1      | HP: 1/15 [kobold/+3 dagger (4)]
   339 | D:1      | Identified a +0 dagger
   425 | D:1      | Found a faded altar of an unknown god.
   428 | D:1      | Prayed at the altar of an unknown god.
   428 | D:1      | Became a worshipper of Hepliaklqana the Forgotten
   428 | D:1      | Reached * piety under Hepliaklqana
   438 | D:1      | Identified a +0 club
   504 | D:1      | Identified a +0 dagger
   507 | D:1      | Reached XP level 2. HP: 18/18 MP: 0/0
   519 | D:1      | Identified a +0 club
   610 | D:1      | Reached skill level 2 in Stealth
   618 | D:1      | Identified a +0 club
   645 | D:1      | Identified a +0 club
   704 | D:1      | Reached XP level 3. HP: 22/22 MP: 0/0
   704 | D:1      | Learned a level 1 spell: Necrotise
   733 | D:1      | Identified a +0 club
   944 | D:1      | Identified a +0 whip
  1193 | D:1      | Identified a +0 dagger
  1217 | D:1      | Identified a +0 dagger
  1363 | D:2      | Identified a +0 sling
  1392 | D:2      | Reached ** piety under Hepliaklqana
  1453 | D:2      | Identified a +0 dagger
  1461 | D:2      | Identified a +0 dagger
  1463 | D:2      | Reached skill level 1 in Fighting
  1524 | D:2      | Reached XP level 4. HP: 28/28 MP: 0/0
  1606 | D:2      | Identified a +0 club
  1729 | D:2      | Identified a +0 barding
  1800 | D:3      | Identified a +0 dagger of venom
  1800 | D:3      | Identified a +3 ring mail of fire resistance
  1800 | D:3      | Noticed Ijyb
  1951 | D:3      | Found a stormy altar of Qazlal.
  1951 | D:3      | Identified a +0 helmet
  1952 | D:3      | Identified a +0 short sword
  2131 | D:3      | Identified a +0 club
  2268 | D:3      | Identified a +0 short sword
  2288 | D:3      | Identified a +0 club
  2527 | D:4      | Found Sely's Antique Armour Shop.
  2559 | D:4      | Identified a +0 scale mail
  2583 | D:4      | Found a bloodstained altar of Trog.
  2588 | D:4      | Found a white marble altar of Elyvilon.
  2590 | D:4      | Found an ornate altar of the Wu Jian Council.
  2591 | D:4      | Found a snail-covered altar of Cheibriados.
  2617 | D:4      | Identified a +2 dagger of draining
  2617 | D:4      | Identified a +0 chain mail
  2622 | D:4      | Identified a +0 whip
  2622 | D:4      | Identified a +0 ring mail
  2624 | D:4      | Identified a +0 dagger
  2624 | D:4      | Identified a +0 robe
  2983 | D:4      | Identified a +0 flail
  3082 | D:4      | Noticed Grinder
  3101 | D:4      | Identified a +0 dagger
  3120 | D:4      | Reached skill level 2 in Fighting
  3199 | D:4      | Reached XP level 5. HP: 19/35 MP: 0/0
  3199 | D:4      | Learned a level 2 spell: Call Imp
  3201 | D:4      | HP: 6/35 [orc/+0 whip (6)]
  3202 | D:4      | HP: 2/35 [orc/+2 dagger of draining (4)]
  3203 | D:4      | Identified 2 potions of might
  3204 | D:4      | Identified a potion of cancellation
  3204 | D:4      | Slain by an orc

Table legend: (Time is in decaauts)
 A = Elapsed time spent in this place.
 B = Non-inter-level travel time spent in this place.
 C = Inter-level travel time spent in this place.
 D = Time resting spent in this place.
 E = Time spent auto-exploring this place.
 F = Levels seen in this place.
 G = Mean time per level.
                   A        B        C        D        E       F      G
               +--------+--------+--------+--------+--------+-----+--------+
         Total |   3203 |   3144 |     59 |    158 |   2306 |   4 |  800.8 |
       Dungeon |   3203 |   3144 |     59 |    158 |   2306 |   4 |  800.8 |
               +--------+--------+--------+--------+--------+-----+--------+

Top non-repeatable levels by time:
     D:1: 1300 daAuts
     D:3: 1095 daAuts
     D:2: 452 daAuts
     D:4: 354 daAuts

Table legend:
 A = Kills in this place as a percentage of kills in the entire game.
 B = Kills by you in this place as a percentage of kills by you in the entire game.
 C = Kills by friends in this place as a percentage of kills by friends in the entire game.
 D = Other kills in this place as a percentage of other kills in the entire game.
 E = Experience gained in this place as a percentage of experience gained in the entire game.
 F = Experience gained in this place divided by the number of levels of this place that you have seen.
                   A       B       C       D       E      F
               +-------+-------+-------+-------+-------+----------------------
         Total | 100.0 | 100.0 | 100.0 |   N/A | 100.0 |  43.5
       Dungeon | 100.0 | 100.0 | 100.0 |   N/A | 100.0 |  43.5
               +-------+-------+-------+-------+-------+----------------------

Skill      XL: |  1  2  3  4 |
---------------+-------------+-----
Spellcasting   | |  3.8
Conjurations   | |  3.8
Hexes          | |  3.8
Summonings     | |  3.8
Necromancy     | |  3.8
Translocations | |  3.8
Transmutations | |  3.8
Fire Magic     | |  3.8
Ice Magic      | |  3.8
Air Magic      | |  3.8
Earth Magic    | |  3.8
Poison Magic   | |  3.8
Stealth        | 2 |  2.3
Fighting       | 1 2 |  2.3
Dodging        | |  2.1

Action                     |  1- 3 |  4- 6 || total
---------------------------+-------+-------++-------
  Melee: Unarmed           |    19 |       ||    19
         Dagger            |    58 |    45 ||   103
         Punch             |       |     1 ||     1
   Cast: Foxfire           |     7 |    10 ||    17
         Scorch            |       |     1 ||     1
         Volatile Blastmot |       |     1 ||     1
    Use: Potion            |       |     2 ||     2
   Stab: Sleeping          |     4 |     1 ||     5
         Distracted        |       |     1 ||     1
 Armour: Robe              |    13 |     6 ||    19
  Dodge: Dodged            |    48 |    31 ||    79

Vanquished Creatures
  An orc wizard (D:4)
  A dart slug (D:1)
  2 orcs (D:4)
  4 bats
  2 endoplasms
  A giant cockroach (D:1)
  6 goblins
  3 hobgoblins
  2 jackals (D:2)
  6 kobolds
  2 quokkas (D:1)
  2 ball pythons
  A frilled lizard (D:3)
  6 rats
39 creatures vanquished.

Vanquished Creatures (collateral kills)
  3 adders
  A worm (D:3)
  A dart slug (D:2)
  A bat (D:1)
  An endoplasm (D:3)
  A giant cockroach (D:1)
  2 goblins
  3 hobgoblins
  2 jackals (D:2)
  2 kobolds
  A rat (D:2)
18 creatures vanquished.

Vanquished Creatures (others)
  An ancestor (D:4)
  29 foxfires
30 creatures vanquished.

Grand Total: 87 creatures vanquished
